 Dungeon Crawl Stone Soup version 0.28-a0-1374-ga75cb3825e (webtiles) character file.

Game seed: 15652948063406990370

120 rogsnak the Gusty (level 4, -2/30 HPs)
             Began as a Demonspawn Air Elementalist on Jan 1, 2022.
             Slain by an adder (4 damage)
             ... on level 3 of the Dungeon.
             The game lasted 00:03:17 (2615 turns).

rogsnak the Gusty (Demonspawn Air Elementalist)     Turns: 2615, Time: 00:03:18

Health: -2/30      AC:  2    Str:  8    XL:     4   Next: 75%
Magic:  1/8        EV: 12    Int: 18    God:
Gold:   76         SH:  4    Dex: 14    Spells: 7/8 levels left

rFire   . . .      SeeInvis .   (no weapon)
rCold   . . .      Faith    .   (no shield)
rNeg    . . .      Spirit   .   a - +0 robe
rPois   .          Reflect  .   (no helmet)
rElec   .          Harm     .   (no cloak)
rCorr   .          Rampage  .   (no gloves)
Will    .....                   (no boots)
Stlth   ++........              (no amulet)
HPRegen 0.10/turn               (no ring)
MPRegen 0.11/turn               (no ring)

@: lethally poisoned (-2 -> -3)
A: large bone plates 1, weakness stinger 2
a: no special abilities


You were on level 3 of the Dungeon.
You visited 1 branch of the dungeon, and saw 3 of its levels.

You collected 76 gold pieces.

Inventory:

Missiles
 c - 90 stones
Armour
 a - a +0 robe (worn)
 k - the +4 leather armour of Rafauf {Rampage Int-5 SInv}
   (You found it on level 2 of the Dungeon)

   Int:       It affects your intelligence (-5).
   SInv:      It lets you see invisible.
   Rampage:   It bestows one free step when moving towards enemies.
Wands
 l - a wand of iceblast (6)
Scrolls
 b - a scroll of noise {unknown}
 f - a scroll of magic mapping {unknown}
 h - a scroll of enchant armour {unknown}
 j - a scroll of identify {unknown}
 m - a scroll of acquirement {unknown}
 n - a scroll of fog {unknown}
Potions
 d - 2 potions of ambrosia {unknown}
 e - a potion of haste {unknown}
 g - a potion of lignification {unknown}
 i - a potion of heal wounds {unknown}


   Skills:
 + Level 0.1 Fighting
 + Level 2.0 Dodging
 - Level 1.7 Stealth
 + Level 0.1 Shields
 + Level 2.9 Spellcasting
 * Level 2.9 Conjurations
 + Level 3.4 Air Magic


You had 7 spell levels left.
You knew the following spells:

 Your Spells              Type           Power      Damage    Failure   Level
a - Shock                 Conj/Air       56%        1d6       4%          1

Your spell library contained the following spells:

 Spells                   Type           Power      Damage    Failure   Level
 Static Discharge         Conj/Air       14%        N/A       7%          2
 Swiftness                Air            15%        N/A       12%         3
 Airstrike                Air            7%         N/A       36%         4
 Portal Projectile        Hex/Tloc       4%         N/A       45%         3
 Blade Hands              Tmut           1%         N/A       99%         5
 Excruciating Wounds      Necr           1%         N/A       99%         5


Dungeon Overview and Level Annotations

Branches:
Dungeon (3/15)

Altars:
Kikubaaqudgha


Innate Abilities, Weirdness & Mutations

You are partially covered in large bone plates. (SH +4)
You have a tail ending in a sharp stinger.


Message History

Casting: Shock (safe; 4% risk of failure)
Confirm with . or Enter, or press ? or * to list all spells.
Aiming: Shock (safe; 4% risk of failure)
Press: ? - help, Shift-Dir - straight line The zap misses the adder.
The zap hits the adder.
The adder is almost dead.
You feel sick. The adder bites you.
You are more poisoned.
The adder poisons you!
Unknown command.
You hit the adder but do no damage.
Your tail-slap misses the adder.
The adder is almost dead.
You feel sick. The adder bites you.
You hit the adder but do no damage.
Your tail-slap misses the adder.
The adder is almost dead.
You feel sick. The adder barely misses you. The adder bites you.
* * * LOW HITPOINT WARNING * * *
Casting: Shock (safe; 4% risk of failure)
Confirm with . or Enter, or press ? or * to list all spells.
You don't have enough magic to cast this spell.
Unknown command.
Unknown command.
You hit the adder.
The adder is almost dead.
* * * LOW HITPOINT WARNING * * *
You feel sick. The adder barely misses you.
You closely miss the adder.
The adder is almost dead.
* * * LOW HITPOINT WARNING * * *
You feel sick. The adder bites you but does no damage.
You closely miss the adder.
The adder is almost dead.
* * * LOW HITPOINT WARNING * * *
You feel sick. The adder closely misses you.
Your magical contamination has completely faded away.
You barely miss the adder.
The adder is almost dead.
* * * LOW HITPOINT WARNING * * *
You feel sick. The adder bites you.
You die...

#.# ..# #.# #.#
#.##### ## #.#
#.....# . #.#
#.###.# ## #.#.#
#.# #.#
#...#.#.#########.#
#.#
#...S...........#
#.# #@......).###
#.# #########.# #.#
#.# #.# #.# #.# #.#
#.# ##.#####.#
#........#
#..####### #..#


You could see an adder.

Vanquished Creatures
  A scorpion (D:2)
  An adder (D:2)
  A worm (D:3)
  A dart slug (D:2)
  An orc (D:3)
  2 ball pythons
  7 endoplasms
  5 giant cockroaches
  3 goblins
  4 hobgoblins
  2 jackals (D:2)
  A quokka (D:2)
  4 bats
  2 frilled lizards (D:1)
  2 kobolds (D:1)
  7 rats
44 creatures vanquished.

Notes
Turn   | Place    | Note
-------+----------+-------------------------------------------
     0 | D:1      | rogsnak the Demonspawn Air Elementalist began the quest for
                  | the Orb.
     0 | D:1      | Reached XP level 1. HP: 13/13 MP: 3/3
   381 | D:1      | Reached skill level 3 in Air Magic
   381 | D:1      | Gained mutation: You are partially covered in large bone
                  | plates. (SH +4) [demonic ancestry]
   381 | D:1      | Reached XP level 2. HP: 13/19 MP: 1/5
   688 | D:1      | Found a faded altar of an unknown god.
  1409 | D:2      | Gained mutation: You have a small tail. [demonic ancestry]
  1409 | D:2      | Reached XP level 3. HP: 24/24 MP: 1/6
  1463 | D:2      | Found an ancient bone altar of Kikubaaqudgha.
  1647 | D:2      | Noticed a scorpion
  1659 | D:2      | Killed a scorpion
  1660 | D:2      | Gained mutation: You have a tail ending in a sharp stinger.
                  | [demonic ancestry]
  1660 | D:2      | Reached XP level 4. HP: 30/30 MP: 0/8
  1983 | D:2      | Identified the +4 leather armour of Rafauf {Rampage Int-5
                  | SInv}
  2615 | D:3      | Slain by an adder

Illustrated notes

Levels and vault maps discovered:
D:1:      onia_arrival_handbag, layout_basic,
          shapermc_ecumenical_altar_mp_highgroup, st_stairs_7
D:2:      layout_loops_ring, basic_altar, kennysheep_small_spiral
D:3:      layout_loops_ring, mainiacjoe_overflow_surrounded_room,
          uniq_crazy_yiuf_cottage

Skill      XL: |  1  2  3 |
---------------+----------+-----
Air Magic      | 3 |  3.4
Dodging        | 2 |  2.0
Conjurations   | 2 |  2.9
Fighting       | |  0.1
Stealth        | |  1.7
Shields        | |  0.1
Spellcasting   | |  2.9

Action                   |  1- 3 |  4- 6 || total
-------------------------+-------+-------++-------
Melee: Unarmed           |    29 |    11 ||    40
 Cast: Shock             |    69 |    39 ||   108
Armor: Robe              |     7 |     4 ||    11
Dodge: Dodged            |    21 |    13 ||    34
Block: Other             |     3 |     2 ||     5

Table legend: (Time is in decaauts)
 A = Elapsed time spent in this place.
 B = Non-inter-level travel time spent in this place.
 C = Inter-level travel time spent in this place.
 D = Time resting spent in this place.
 E = Time spent auto-exploring this place.
 F = Levels seen in this place.
 G = Mean time per level.
                   A        B        C        D        E       F      G
               +--------+--------+--------+--------+--------+-----+--------+
         Total |   2615 |   2566 |     49 |    236 |   2023 |   3 |  871.7 |
       Dungeon |   2615 |   2566 |     49 |    236 |   2023 |   3 |  871.7 |
               +--------+--------+--------+--------+--------+-----+--------+

Top non-repeatable levels by time:
     D:1: 1399 daAuts
     D:2: 1044 daAuts
     D:3: 171 daAuts
